 Dungeon Crawl Stone Soup version 0.27.0-1-g7a089689b8 (webtiles) character file.

Game seed: 17204842606831401153

217 zuma992 the Digger (level 5, -3/44 HPs)
             Began as a Deep Dwarf Earth Elementalist on Aug 10, 2021.
             Slain by a hornet zombie (7 damage)
             ... on level 6 of the Dungeon.
             The game lasted 00:39:44 (1797 turns).

zuma992 the Digger (Deep Dwarf Earth Elementalist)  Turns: 1797, Time: 00:39:45

Health: -3/44      AC:  7    Str: 12    XL:     5   Next: 62%
Magic:  0/7        EV:  5    Int: 15    God:
Gold:   82         SH: 11    Dex: 14    Spells: 7/8 levels left

rFire    . . .     SeeInvis .   h - +3 spear (vorpal)
rCold    . . .     Faith    .   f - +0 tower shield
rNeg     . . .     Spirit   .   a - +0 scale mail
rPois    .         Reflect  .   (no helmet)
rElec    .         Harm     .   d - +0 cloak
rCorr    .         Rampage  .   (no gloves)
Will     .....                  (no boots)
Stlth    +.........             (no amulet)
HPRegen  0.00/turn              g - ring of wizardry
MPRegen  0.10/turn              (no ring)

@: very slightly contaminated
A: damage resistance, heal wounds, sense surroundings 1, no regeneration
a: Heal Wounds


You were on level 6 of the Dungeon.
You visited 1 branch of the dungeon, and saw 4 of its levels.

You collected 82 gold pieces.

Inventory:

Hand Weapons
 h - a +3 vorpal spear (weapon)
Missiles
 c - 24 stones
 i - 9 poisoned darts (quivered)
 k - 21 sling bullets
Armour
 a - a +0 scale mail (worn)
 b - a +0 robe
 d - a +0 cloak (worn)
 f - a +0 tower shield (worn)
Jewellery
 g - a ring of wizardry (left hand)
Potions
 l - a potion of might {unknown}
 m - a potion of lignification {unknown}


   Skills:
 + Level 1.3 Fighting
 + Level 1.1(1.5) Polearms
 + Level 1.4(1.7) Staves
 + Level 1.0 Throwing
 + Level 1.0 Armour
 + Level 2.6 Dodging
 + Level 3.0 Stealth
 + Level 1.6 Shields
 + Level 2.3 Spellcasting
 + Level 0.8 Transmutations
 + Level 5.2 Earth Magic


You had 7 spell levels left.
You knew the following spells:

 Your Spells              Type           Power      Damage    Failure   Level
a - Sandblast             Erth           34%        2d9       69%         1

Your spell library contained the following spells:

 Spells                   Type           Power      Damage    Failure   Level
 Passwall                 Tmut/Erth      8%         N/A       98%         2
 Corpse Rot               Necr/Air       N/A        N/A       100%        2
 Stone Arrow              Conj/Erth      18%        3d8       100%        3
 Dispel Undead            Necr           1%         3d6       100%        4
 Petrify                  Tmut/Erth      10%        N/A       100%        4
 Death Channel            Necr           0%         N/A       100%        6


Dungeon Overview and Level Annotations

Branches:
Dungeon (3/15)

Altars:
Cheibriados

Shops:
D:2 ?   D:3 [


Innate Abilities, Weirdness & Mutations

You are resistant to damage.
You can heal yourself by infusing magical energy.
You passively map a small area around you.
You do not regenerate.


Message History

* * * LOW HITPOINT WARNING * * *
You closely miss the hornet zombie.
The hornet zombie is severely damaged.
The hornet zombie barely misses you.
Your shield and scale mail prevent you from hitting the hornet zombie.
The hornet zombie is severely damaged.
The hornet zombie barely misses you.
The hornet zombie hits you but does no damage.
Casting: Sandblast (safe; 69% risk of failure)
Confirm with . or Enter, or press ? or * to list all spells.
Aiming: Sandblast (safe; 69% risk of failure)
Press: ? - help, Shift-Dir - straight line, f/p - hornet zombie
Aim: a hornet zombie (severely damaged, 82% to hit)
The blast of sand hits the hornet zombie.
The hornet zombie is severely damaged.
c - 25 stones You block the hornet zombie's attack.
Your shield and scale mail prevent you from hitting the hornet zombie.
The hornet zombie is severely damaged.
You block the hornet zombie's attack.
You hit the hornet zombie.
The hornet zombie is severely damaged.
You feel yourself slow down. The hornet zombie hits you.
* * * LOW HITPOINT WARNING * * *
You hit the hornet zombie.
The hornet zombie is almost destroyed.
The hornet zombie hits you but does no damage. x2
Casting: Sandblast (safe; 69% risk of failure)
Confirm with . or Enter, or press ? or * to list all spells.
Aiming: Sandblast (safe; 69% risk of failure)
Press: ? - help, Shift-Dir - straight line, f/p - hornet zombie
Aim: a hornet zombie (almost destroyed, 82% to hit)
The blast of sand hits the hornet zombie but does no damage.
The hornet zombie is almost destroyed.
c - 24 stones The hornet zombie hits you!
* * * LOW HITPOINT WARNING * * *
The hornet zombie hits you!
You die...

, #.............#
. ,#......(......
.. #............,
... #....(......#
.... #.!.........#
,
.....#...........#
.....P...........#
.............@...#
,
.....P......Z....#
......=........).#
...<.#...........#
######...........#
#...........# ,
#############


You could see a hornet zombie.

Vanquished Creatures
  A bullfrog skeleton (D:6)
  Jessica (D:2)
  A killer bee zombie (D:6)
  A hound skeleton (D:2)
  6 adders
  A gnoll (D:1)
  A worm (D:2)
  2 dart slugs
  4 ball pythons
  7 bats
  9 endoplasms
  A giant cockroach (D:2)
  2 goblins
  5 hobgoblins
  7 jackals
  2 quokkas (D:2)
  4 frilled lizards (D:1)
  3 kobolds
  5 rats
63 creatures vanquished.

Vanquished Creatures (others)
  2 withered plants (D:6)
2 creatures vanquished.

Grand Total: 65 creatures vanquished

Notes
Turn   | Place    | Note
-------+----------+-------------------------------------------
     0 | D:1      | zuma992 the Deep Dwarf Earth Elementalist began the quest
                  | for the Orb.
     0 | D:1      | Reached XP level 1. HP: 15/15 MP: 3/3
    79 | D:1      | Found a faded altar of an unknown god.
   175 | D:1      | Reached XP level 2. HP: 20/22 MP: 5/5
   282 | D:1      | Reached XP level 3. HP: 12/28 MP: 0/6
   871 | D:2      | Reached skill level 1 in Staves
   928 | D:2      | Noticed Jessica
   941 | D:2      | Killed Jessica
   942 | D:2      | Reached XP level 4. HP: 30/37 MP: 7/7
  1162 | D:2      | Reached skill level 1 in Throwing
  1169 | D:2      | Reached skill level 5 in Earth Magic
  1328 | D:2      | Found Luaqete's Magic Scroll Shoppe.
  1359 | D:2      | Reached skill level 1 in Shields
  1359 | D:2      | Reached XP level 5. HP: 19/43 MP: 8/8
  1585 | D:3      | Reached skill level 1 in Polearms
  1607 | D:3      | Found Ahoh's Antique Armour Shoppe.
  1682 | D:3      | Found a snail-covered altar of Cheibriados.
  1738 | D:3      | You fall into a shaft and drop 3 floors!
  1760 | D:6      | Reached skill level 1 in Fighting
  1774 | D:6      | Reached skill level 1 in Armour
  1797 | D:6      | Slain by a hornet zombie

Illustrated notes

Levels and vault maps discovered:
D:1:      lightli_arrival_windingriver, layout_loops_ring,
          shapermc_ecumenical_altar_starsandcircs, minmay_heptomino_w4
D:2:      layout_loops_ring, serial_shops, nicolae_shop_trees,
          minmay_surrounded, uniq_jessica
D:3:      layout_rooms, general_overflow_altar, serial_shops, shop,
          dk_vineyard_2
D:6:      layout_basic, chequers_temple_overflow_statue_of_worship,
          serial_undead, serial_undead_f, serial_undead_e, serial_undead_b,
          serial_undead_d, minmay_small_thing

Skill      XL: |  1  2  3  4  5 |
---------------+----------------+-----
Spellcasting   | 2 |  2.3
Staves         | 1 |  1.4
Throwing       | 1 |  1.0
Stealth        | 3 |  3.0
Earth Magic    | 5 |  5.2
Shields        | 1 |  1.6
Polearms       | 1 |  1.1
Fighting       | 1 |  1.3
Armour         | 1 |  1.0
Dodging        | |  2.6
Transmutations | |  0.8

Action                   |  1- 3 |  4- 6 || total
-------------------------+-------+-------++-------
Melee: Quarterstaff      |    40 |       ||    40
       Spear             |    27 |   108 ||   135
Throw: Dart              |    12 |     9 ||    21
 Cast: Sandblast         |    11 |    10 ||    21
 Abil: Heal Wounds       |     1 |     2 ||     3
  Use: Scroll            |     2 |     4 ||     6
       Potion            |       |     2 ||     2
Armor: Robe              |    25 |       ||    25
       Scale mail        |    10 |    71 ||    81
Dodge: Dodged            |    54 |    36 ||    90
Block: Tower shield      |    11 |    96 ||   107
